Map: Orbital Shipyard

Players

小色

  • Race: Protoss Protoss
  • League: Master

ScourgeBalan - Winner!

  • Race: Protoss Protoss
  • League: Platinum

VOD

Have the link to the VOD?

Description

Time

  • Played on: July 18, 2015, 6:10 a.m.
  • Length: 16:09
Show
View Real Time Build Order
Export as new Build Order

小色 Protoss 

Build Orders:  

Get SALT Encoding   

  12  0:01  Probe  
  13  0:15  Pylon  
  13  0:18  Probe  
  14  0:33  Probe  
  15  0:36  Gateway  
  15  0:46  Assimilator  
  15  0:48  Probe (Chrono Boost)  
  17  0:57  Probe (Chrono Boost), Pylon  
  17  1:05  Probe  
  18  1:17  Probe (Chrono Boost)  
  19  1:24  Cybernetics Core  
  19  1:27  Assimilator  
  19  1:29  Probe (Chrono Boost)  
  20  1:38  Probe (Chrono Boost)  
  21  1:46  Probe  
  22  2:02  Adept (Chrono Boost)  
  22  2:04  Warp Gate  
  22  2:06  Probe  
  25  2:17  Robotics Facility  
  25  2:18  Probe  
  26  2:30  Probe  
  27  2:41  Nexus  
  26  2:44  Probe  
  27  2:54  Pylon  
  27  2:56  Probe  
  28  3:08  Robotics Bay  
  28  3:09  Probe  
  29  3:21  Probe  
  29  3:26  Warp Prism  
  30  3:33  Probe (Chrono Boost)  
  33  3:43  Probe (Chrono Boost)  
  34  3:50  Probe (Chrono Boost)  
  35  3:58  Probe (Chrono Boost), Assimilator  
  35  4:02  Probe (Chrono Boost)  
  37  4:04  Assimilator  
  37  4:08  Probe (Chrono Boost), Pylon  
  37  4:09  Disruptor (Chrono Boost)  
  42  4:10  Probe (Chrono Boost)  
  42  4:14  Probe  
  42  4:16  Stargate  
  43  4:22  Stargate  
  43  4:25  Probe  
  43  4:27  Probe  
  43  4:29  Adept  
  47  4:33  Probe (Chrono Boost)  
  48  4:39  Probe (Chrono Boost)  
  50  4:46  Protoss Air Weapons Level 1  
  50  4:50  Probe (Chrono Boost)  
  50  4:51  Probe (Chrono Boost), Pylon  
  51  4:57  Probe x2 (Chrono Boost)  
  53  5:01  Phoenix (Chrono Boost)  
  55  5:08  Probe  
  55  5:10  Disruptor  
  55  5:11  Phoenix (Chrono Boost)  
  55  5:12  Probe  
  57  5:26  Nexus  
  57  5:28  Pylon, Phoenix (Chrono Boost)  
  57  5:31  Phoenix (Chrono Boost)  
  61  5:37  Probe  
  61  5:38  Assimilator  
  62  5:45  Assimilator  
  62  5:51  Warp Prism  
  62  5:52  Phoenix (Chrono Boost)  
  66  5:58  Probe  
  66  5:59  Phoenix (Chrono Boost)  
  66  6:04  Probe  
  70  6:10  Probe  
  71  6:16  Probe, Phoenix  
  71  6:17  Phoenix  
  76  6:30  Pylon  
  76  6:36  Pylon  
  76  6:38  Probe x2  
  78  6:40  Phoenix  
  78  6:42  Fleet Beacon  
  78  6:43  Probe  
  81  6:49  Stargate  
  81  6:50  Probe  
  81  6:53  Disruptor  
  82  6:57  Probe x2  
  84  7:02  Probe  
  85  7:22  Phoenix x2  
  85  7:30  Protoss Air Weapons Level 2 (Chrono Boost)  
  85  7:31  Anion Pulse-Crystals (Chrono Boost)  
  85  7:35  Phoenix (Chrono Boost)  
  82  7:42  Stargate  
  83  7:44  Probe (Chrono Boost)  
  83  7:46  Phoenix (Chrono Boost)  
  83  7:47  Probe (Chrono Boost)  
  83  7:49  Probe (Chrono Boost)  
  87  7:56  Phoenix (Chrono Boost)  
  91  7:59  Probe (Chrono Boost)  
  91  8:00  Phoenix (Chrono Boost)  
  91  8:02  Probe (Chrono Boost)  
  91  8:03  Nexus  
  91  8:04  Probe (Chrono Boost)  
  94  8:06  Probe (Chrono Boost), Assimilator  
  94  8:07  Phoenix (Chrono Boost)  
  94  8:08  Assimilator  
  94  8:11  Pylon  
  94  8:12  Probe x2  
  99  8:15  Phoenix (Chrono Boost)  
  99  8:18  Forge  
  101  8:20  Phoenix (Chrono Boost)  
  101  8:24  Probe x2 (Chrono Boost)  
  106  8:27  Probe (Chrono Boost)  
  106  8:35  Pylon  
  110  8:42  Phoenix (Chrono Boost)  
  110  8:43  Protoss Shields Level 1 (Chrono Boost)  
  110  8:44  Phoenix (Chrono Boost)  
  110  8:46  Phoenix (Chrono Boost)  
  110  8:48  Phoenix (Chrono Boost)  
  115  8:55  Probe x2  
  115  8:56  Probe  
  117  9:07  Phoenix x2  
  113  9:12  Phoenix  
  113  9:13  Phoenix  
  121  9:25  Probe x3  
  124  9:35  Probe  
  124  9:37  Probe x3, Phoenix (Chrono Boost)  
  124  9:45  Phoenix (Chrono Boost)  
  124  9:46  Phoenix (Chrono Boost)  
  124  9:47  Probe  
  124  9:49  Probe x3  
  134  9:53  Protoss Air Weapons Level 3, Phoenix (Chrono Boost)  
  136  10:00  Phoenix (Chrono Boost)  
  106  10:26  Tempest x3 (Chrono Boost)  
  112  10:33  Probe x4  
  110  10:40  Photon Cannon  
  110  10:41  Photon Cannon  
  110  10:42  Phoenix  
  112  10:43  Photon Cannon  
  112  10:45  Probe  
  112  10:47  Nexus  
  111  11:00  Assimilator  
  111  11:05  Assimilator  
  111  11:11  Phoenix x2 (Chrono Boost)  
  123  11:13  Tempest (Chrono Boost)  
  123  11:15  Tempest (Chrono Boost)  
  123  11:16  Nexus  
  123  11:23  Gateway  
  123  11:25  Gateway, Probe x4  
  125  11:27  Gateway, Tempest (Chrono Boost)  
  131  11:33  Gateway  
  131  11:34  Gateway  
  131  11:35  Tempest (Chrono Boost)  
  131  11:37  Probe  
  136  11:52  Tempest (Chrono Boost)  
  106  12:08  Tempest (Chrono Boost)  
  113  12:15  Tempest (Chrono Boost)  
  113  12:18  Tempest (Chrono Boost)  
  114  12:33  Tempest (Chrono Boost)  
  114  12:37  Pylon  
  114  12:40  Pylon x2  
  114  12:42  Tempest (Chrono Boost), Pylon  
  126  12:52  Tempest x2 (Chrono Boost)  
  124  13:00  Protoss Air Armor Level 1 (Chrono Boost)  
  124  13:05  Stalker  
  124  13:06  Stalker x5  
  136  13:25  Assimilator  
  136  13:30  Assimilator  
  136  13:54  Carrier (Chrono Boost)  
  136  13:55  Tempest x3  
  143  13:56  Stalker x2  
  143  14:02  Pylon  
  141  14:04  Pylon  
  141  14:06  Pylon  
  141  14:07  Pylon  
  136  14:16  Carrier x2 (Chrono Boost)  
  139  14:21  Stalker, Nexus  
  139  14:22  Stalker  
  143  14:27  Carrier (Chrono Boost)  
Show
View Real Time Build Order
Export as new Build Order

ScourgeBalan Protoss - Winner!

Build Orders: 1 Gate Expand 

Get SALT Encoding   

  12  0:00  Probe  
  13  0:14  Pylon  
  13  0:18  Probe  
  14  0:32  Probe (Chrono Boost)  
  15  0:36  Gateway  
  15  0:42  Probe (Chrono Boost)  
  16  1:01  Pylon  
  16  1:03  Probe (Chrono Boost)  
  17  1:06  Assimilator  
  17  1:16  Probe (Chrono Boost)  
  18  1:26  Nexus  
  18  1:31  Probe  
  19  1:40  Cybernetics Core  
  19  1:43  Probe  
  20  1:55  Probe (Chrono Boost)  
  20  1:57  Assimilator  
  21  2:05  Probe (Chrono Boost)  
  22  2:12  Probe  
  23  2:16  Adept (Chrono Boost)  
  25  2:24  Pylon  
  25  2:25  Probe  
  25  2:28  Forge  
  26  2:37  Probe (Chrono Boost)  
  28  2:46  Probe (Chrono Boost)  
  28  2:49  Probe (Chrono Boost)  
  29  2:58  Probe x2 (Chrono Boost)  
  31  3:01  Stalker  
  31  3:02  Photon Cannon  
  33  3:06  Probe (Chrono Boost)  
  33  3:08  Photon Cannon  
  34  3:13  Probe (Chrono Boost)  
  34  3:18  Probe (Chrono Boost)  
  36  3:23  Stargate  
  38  3:27  Probe x2 (Chrono Boost)  
  38  3:29  Assimilator  
  38  3:34  Pylon  
  38  3:37  Sentry  
  42  3:42  Mothership Core (Chrono Boost)  
  42  3:43  Probe (Chrono Boost)  
  43  3:53  Photon Cannon  
  43  3:54  Probe (Chrono Boost), Assimilator  
  44  3:59  Photon Cannon  
  44  4:01  Probe  
  45  4:03  Probe  
  45  4:08  Phoenix (Chrono Boost)  
  48  4:13  Probe  
  48  4:15  Probe  
  50  4:20  Robotics Facility  
  50  4:25  Pylon  
  50  4:26  Probe (Chrono Boost)  
  50  4:28  Probe (Chrono Boost)  
  54  4:38  Probe (Chrono Boost)  
  54  4:40  Probe (Chrono Boost)  
  54  4:42  Pylon  
  54  4:50  Stargate  
  54  4:52  Oracle (Chrono Boost)  
  57  5:05  Probe x2  
  59  5:18  Stargate  
  59  5:28  Probe x2  
  65  5:34  Protoss Air Weapons Level 1  
  63  5:36  Pylon  
  63  5:40  Pylon  
  63  5:49  Photon Cannon  
  63  5:51  Photon Cannon  
  63  5:52  Probe x2  
  65  6:00  Fleet Beacon  
  65  6:04  Probe  
  65  6:05  Probe  
  65  6:09  Phoenix x3 (Chrono Boost)  
  69  6:13  Nexus  
  69  6:14  Pylon  
  69  6:17  Probe  
  69  6:18  Probe  
  71  6:29  Probe, Phoenix x2 (Chrono Boost)  
  71  6:30  Probe, Phoenix (Chrono Boost)  
  71  6:31  Assimilator  
  79  6:35  Assimilator  
  79  6:47  Carrier (Chrono Boost)  
  79  6:49  Photon Cannon x2  
  79  6:52  Probe x2, Photon Cannon  
  81  6:57  Pylon  
  81  7:00  Carrier (Chrono Boost)  
  87  7:10  Carrier (Chrono Boost)  
  93  7:23  Pylon  
  93  7:24  Pylon  
  98  7:39  Graviton Catapult  
  98  7:44  Carrier (Chrono Boost)  
  98  7:45  Photon Cannon  
  98  7:49  Protoss Air Weapons Level 2 (Chrono Boost)  
  98  7:50  Probe x2  
  100  7:52  Probe  
  101  7:59  Carrier (Chrono Boost)  
  101  8:02  Probe  
  102  8:09  Probe  
  109  8:15  Pylon  
  109  8:24  Carrier (Chrono Boost)  
  115  8:29  Nexus  
  115  8:31  Pylon  
  121  8:50  Probe x2  
  121  8:51  Probe  
  121  8:54  Photon Cannon  
  124  8:56  Photon Cannon  
  124  8:59  Carrier (Chrono Boost)  
  124  9:01  Assimilator  
  124  9:05  Assimilator  
  118  9:11  Carrier (Chrono Boost)  
  130  9:27  Probe x2  
  130  9:28  Probe  
  133  9:33  Carrier (Chrono Boost)  
  133  9:39  Probe  
  133  9:40  Probe x2  
  133  9:43  Probe  
  134  9:49  Carrier (Chrono Boost)  
  134  9:51  Protoss Air Armor Level 1 (Chrono Boost)  
  134  9:52  Probe x2  
  142  9:55  Probe  
  142  9:56  Probe  
  144  10:04  Probe  
  137  10:14  Carrier (Chrono Boost)  
  127  10:30  Carrier (Chrono Boost)  
  127  10:39  Probe x2, Void Ray (Chrono Boost)  
  127  10:41  Protoss Shields Level 1, Void Ray (Chrono Boost)  
  129  10:45  Carrier (Chrono Boost)  
  135  11:01  Nexus  
  141  11:17  Carrier (Chrono Boost)  
  141  11:18  Pylon  
  141  11:20  Carrier (Chrono Boost), Assimilator  
  141  11:26  Assimilator  
  141  11:27  Probe x4  
  141  11:29  Carrier (Chrono Boost)  
  151  11:37  Stargate  
  151  11:39  Stargate  
  157  11:42  Stargate  
  151  12:15  Carrier x3 (Chrono Boost)  
  151  12:18  Carrier (Chrono Boost)  
  151  12:32  Probe  
  170  12:38  Protoss Air Weapons Level 3 (Chrono Boost)  
  170  12:54  Photon Cannon  
  170  12:55  Photon Cannon  
  170  12:56  Photon Cannon  
  170  12:58  Photon Cannon  
  170  12:59  Carrier x2 (Chrono Boost)  
  170  13:00  Pylon  
  170  13:11  Nexus  
  182  13:47  Assimilator  
  182  13:51  Void Ray (Chrono Boost)  
  182  13:53  Assimilator  
  190  13:56  Pylon  
  190  13:58  Void Ray (Chrono Boost)  
  190  14:14  Void Ray x2 (Chrono Boost)  
  198  14:17  Pylon  
  198  14:38  Photon Cannon x2  
  198  14:39  Photon Cannon  
Tags
 
Add a new tag
Caveats
  • Supply blocks, unpowered buildings, or Contaminate may cause inaccurate times.
  • Supply counts are checked every 10 seconds.